 Dungeon Crawl Stone Soup version 0.25-a0-804-g50c693f418 (webtiles) character file.

Game seed: 507893909234400135, levelgen mode: deterministic

2 Esekla the Stinger (level 1, 0/10 HPs)
             Began as a Tengu Venom Mage on Apr 19, 2020.
             Killed from afar by a dart slug (7 damage)
             ... with a slug dart
             ... on level 1 of the Dungeon.
             The game lasted 00:03:55 (296 turns).

Esekla the Stinger (Tengu Venom Mage)                Turns: 296, Time: 00:03:56

Health: 0/10       AC:  2    Str:  8    XL:     1   Next: 30%
Magic:  4/4        EV: 12    Int: 15    God:
Gold:   26         SH:  0    Dex: 14    Spells: 3/4 levels left

rFire    . . .     SeeInvis .   f - +0 club
rCold    . . .     Gourm    .   (no shield)
rNeg     . . .     Faith    .   a - +0 robe
rPois    .         Spirit   .   (helmet restricted)
rElec    .         Reflect  .   (no cloak)
rCorr    .         Harm     .   (no gloves)
MR       .....                  (boots unavailable)
Stlth    ++........             (no amulet)
HPRegen  0.03/turn              b - ring of flight
MPRegen  0.09/turn              (no ring)

@: no status effects
A: beak, talons 3
a: Evoke Flight


You were on level 1 of the Dungeon.
You were not hungry.

You visited 1 branch of the dungeon, and saw 2 of its levels.

You collected 26 gold pieces.

Inventory:

Hand Weapons
 f - a +0 club (weapon)
Armour
 a - a +0 robe (worn)
Jewellery
 b - a ring of flight (left hand)
Scrolls
 d - a scroll of blinking {unknown}
Potions
 e - a potion of curing {unknown}
Comestibles
 c - 3 rations


   Skills:
 * Level 0.1 Fighting
 + Level 2.2 Dodging
 - Level 2.0 Stealth
 * Level 2.0 Spellcasting
 - Level 0.7 Transmutations
 - Level 3.0 Poison Magic


You had 3 spell levels left.
You knew the following spells:

 Your Spells              Type           Power        Failure   Level  Hunger
a - Sting                 Tmut/Pois      #...         11%         1    #......

Your spell library contained the following spells:

 Spells                   Type           Power        Failure   Level  Hunger
 Poisonous Vapours        Pois/Air       #.....       19%         2    ###....
 Ignite Poison            Fire/Tmut/Pois #.......     36%         3    ###....
 Mephitic Cloud           Conj/Pois/Air  #.......     41%         3    ###....
 Olgreb's Toxic Radiance  Pois           ##......     54%         4    #####..


Dungeon Overview and Level Annotations

Branches:
Dungeon (2/15)

Altars:


Innate Abilities, Weirdness & Mutations

You have a beak for a mouth.
You have claws for feet.


Message History

Found a stone staircase leading down.
A bat comes into view.
You closely miss the bat. The bat misses you.
The bat hits you but does no damage. The bat closely misses you.
You hit the bat but do no damage. You claw the bat. Your peck misses the bat.
The bat is severely wounded.
The bat misses you.
Found a club.
A ball python comes into view.
A dart slug comes into view.
The dart slug launches a dart at you. The slug dart hits you.
Found 20 stones.
You see here a club.
A goblin comes into view. It is wielding a +0 dagger.
The goblin moves out of view.
The dart slug launches a dart at you. The slug dart hits you!
Ouch! That really hurt!
You die...

.# ..# # ####### S
.# S.#
#.####.w.(w... .#
#.#...)..##..... .#
#. .#b.........# .#
#. #.#####.##### .#
#. #.# ###.# .# #.
#.###...# .#
#.##.......# #### ##
#...####@..# #+#..'
##########...####..#
##...##
.......†...........#
#..###.
##########...###...#
#.## #. ##.## #...#
#.# #. #.# #...# #.#
## #.# ..# #.# # ...
..# #.##### .#.
#####......


You could see a dart slug.

Vanquished Creatures
  A goblin (D:1)
  A ball python (D:1)
2 creatures vanquished.

Notes
Turn   | Place    | Note
-------+----------+-------------------------------------------
     0 | D:1      | Esekla the Tengu Venom Mage began the quest for the Orb.
     0 | D:1      | Reached XP level 1. HP: 10/10 MP: 4/4
   296 | D:1      | Killed from afar by a dart slug

Levels and vault maps discovered:
D:1:      noname_arrival_rooms_in_the_neighbourhood, layout_loops_ring
D:2:      minmay_diamond_boxcup, layout_basic, nicolae_overflow_crystal_walls,
          lemuel_crystal_altar, uniq_jessica

Action                   || total
-------------------------++-------
Melee: Club              ||     2
       Kick              ||     1
 Cast: Sting             ||     4
Armor: Robe              ||     1
Dodge: Dodged            ||     3

Table legend:
 A = Non-vault XP
 B = Vault XP
 C = Vault XP percentage of total XP
 D = Non-vault monster count
 E = Vault monster count
 F = Vault count percentage of total count
                 A         B        C        D         E       F
            +---------+---------+-------+---------+---------+-------
      Total |       3 |       0 |   0.0 |       2 |       0 |   0.0
            +---------+---------+-------+---------+---------+-------
        D:1 |       3 |       0 |   0.0 |       2 |       0 |   0.0
            +---------+---------+-------+---------+---------+-------
